 Dungeon Crawl Stone Soup version 0.31-a0-844-gdc52ec4e09 (webtiles) character file.

Game seed: 6981135834080859822

432 mopl the Insei (level 7, -2/45 HPs)
             Began as an Octopode Shapeshifter on Sept 29, 2023.
             Slain by Jessica
             ... wielding a +0 club
              (4 damage)
             ... on level 3 of the Dungeon.
             The game lasted 00:03:53 (1667 turns).

mopl the Insei (Octopode Shapeshifter)              Turns: 1667, Time: 00:03:56

Health: -2/45      AC:  1    Str: 13    XL:     7   Next: 0%
Magic:  7/7        EV: 13    Int: 12    God:
Gold:   163        SH:  4    Dex: 14    Spells: 6/6 levels left

rFire   . .          .
                       - Unarmed
rCold   . . .        h - +0 buckler
rNeg    . . .        j - melded +1 hat {SInv}
rPois   .            (no amulet)
rElec   .            (no ring)
rCorr   .            (no ring)
SInv    .            (no ring)
Will    .....        (no ring)
Stlth   ++           (no ring)
HPRegen 0.27/turn    (no ring)
MPRegen 0.10/turn    (no ring)
                     (no ring)

%: no passive effects
@: beast-form
A: beast (slay +2), almost no armour, amphibious, 8 rings, camouflage 1,
gelatinous body 1, (nimble swimmer 1), tentacles
a: Begin Untransformation


You were on level 3 of the Dungeon.
You were a hulking beast.
You visited 1 branch of the dungeon, and saw 3 of its levels.
You also visited: Sewer.

You collected 163 gold pieces.

Inventory:

Missiles
 d - 14 stones
 f - 11 poisoned darts (quivered)
 n - a throwing net
 t - 2 boomerangs
Armour
 h - a +0 buckler (worn)
 j - a +1 hat of see invisible (melded)
Talismans
 b - a beast talisman (active)
 c - a flux talisman
 o - a maw talisman
Scrolls
 e - 3 scrolls of identify {unknown}
 k - 2 scrolls of revelation {unknown}
 p - a scroll of fog {unknown}
 r - a scroll of vulnerability {unknown}
 s - a scroll of amnesia {unknown}
Potions
 a - a potion of lignification {!q}
 g - a potion of cancellation {unknown}
 i - 3 potions of haste {unknown}
 l - 2 potions of curing {unknown}
 m - a potion of attraction {unknown}
 q - a potion of magic {unknown}


   Skills:
 + Level 2.7 Fighting
 + Level 0.6 Throwing
 + Level 3.2 Dodging
 + Level 2.1 Shields
 * Level 4.7 Unarmed Combat
 * Level 4.5 Shapeshifting


You had 6 spell levels left.
You didn't know any spells.
Your spell library contained the following spells:

 Spells                   Type           Power      Damage    Failure   Level
 Necrotise                Necr           0%         1d4       41%         1
 Vampiric Draining        Necr           0%         2d6       80%         3
 Agony                    Necr           0%         N/A       100%        5


Dungeon Overview and Level Annotations

Branches:
Dungeon (3/15)              Sewer (visited)

Altars:
Xom

Annotations:
D:3 Ijyb, Jessica


Innate Abilities, Weirdness & Mutations

You are a hulking beast.
Your limbs bulge with bestial killing power. (Slay +2)
You cannot wear most types of armour.
You are amphibious.
You can wear up to eight rings at the same time.
Your skin changes colour to match your surroundings (Stealth+).
Your rubbery body absorbs attacks. (AC +1, EV +1)
((You are camouflaged when in or above water. (Stealth+)))
You have tentacles for arms and can constrict up to eight enemies at once.


Message History

You tentacle-slap Ijyb.
You tentacle-slap Ijyb, but do no damage.
Ijyb is moderately wounded.
You constrict Ijyb, but do no damage.
Ijyb hits you with a +1 dagger of protection.
Jessica points at you and mumbles some strange words.
Pain shoots through your body!
Unknown command.
You tentacle-slap Jessica. Your grab misses Jessica.
Your squeeze misses Jessica.
Jessica is heavily wounded.
You constrict Ijyb.
Ijyb hits you with a +1 dagger of protection.
Jessica hits you with a +0 club.
Unknown command.
You completely miss Ijyb.
Ijyb is moderately wounded.
You constrict Ijyb, but do no damage.
Ijyb hits you with a +1 dagger of protection.
Jessica points at you and mumbles some strange words.
Pain shoots through your body!
* * * LOW HITPOINT WARNING * * *
You tentacle-slap Ijyb.
Ijyb is heavily wounded.
You constrict Ijyb, but do no damage.
You tentacle-slap Ijyb but do no damage.
You squeeze Ijyb, but do no damage.
Ijyb is heavily wounded.
You constrict Ijyb, but do no damage.
Ijyb hits you with a +1 dagger of protection.
* * * LOW HITPOINT WARNING * * *
Jessica closely misses you.
You tentacle-slap Ijyb but do no damage.
You tentacle-slap Ijyb. You squeeze Ijyb, but do no damage.
Ijyb is heavily wounded.
You constrict Ijyb.
Ijyb hits you with a +1 dagger of protection.
* * * LOW HITPOINT WARNING * * *
Jessica hits you with a +0 club.
You die...

+.# +.# #.# #.# #.# ###
#.# ...####.# #
##......############....
..##..##.......@hg......
...##.##.###########....
.............## #
.#####..###....
..........)....
..############. ..##
#..# #### ##.# ###..#


You could see Ijyb and Jessica.

Vanquished Creatures
  Sigmund (D:2)
  Pargi (Sewer)
  Terence (D:2)
  Natasha (thrice) (D:2)
  3 adders
  2 dart slugs (D:3)
  6 ball pythons
  2 bats (D:1)
  6 endoplasms
  7 giant cockroaches
  5 goblins
  4 hobgoblins
  6 kobolds
  4 quokkas
  A frilled lizard (D:2)
  2 rats (D:3)
54 creatures vanquished.

Notes
Turn   | Place    | Note
-------+----------+-------------------------------------------
     0 | D:1      | mopl the Octopode Shapeshifter began the quest for the Orb.
     0 | D:1      | Reached XP level 1. HP: 13/13 MP: 1/1
   136 | D:1      | Reached XP level 2. HP: 10/18 MP: 2/2
   334 | D:1      | Reached XP level 3. HP: 23/23 MP: 3/3
   522 | D:2      | Noticed Natasha
   533 | D:2      | Killed Natasha
   538 | D:2      | Reached XP level 4. HP: 21/28 MP: 4/4
   551 | D:2      | Noticed Natasha
   556 | D:2      | Killed Natasha
   556 | D:2      | Noticed Natasha
   563 | D:2      | Killed Natasha
   564 | D:2      | Reached skill level 1 in Shields
   564 | D:2      | Reached XP level 5. HP: 4/34 MP: 5/5
   770 | D:2      | Found a shimmering altar of Xom.
   770 | D:2      | Noticed Sigmund
   781 | D:2      | Killed Sigmund
   782 | D:2      | Reached skill level 2 in Fighting
   782 | D:2      | Reached skill level 3 in Dodging
   782 | D:2      | Reached skill level 4 in Unarmed Combat
   782 | D:2      | Reached skill level 4 in Shapeshifting
   782 | D:2      | Reached XP level 6. HP: 25/41 MP: 6/6
   947 | D:2      | Noticed Terence
   957 | D:2      | Killed Terence
  1154 | D:3      | Found a glowing drain.
  1158 | Sewer    | Entered a sewer
  1185 | Sewer    | Noticed Pargi
  1239 | Sewer    | Killed Pargi
  1240 | Sewer    | Reached skill level 2 in Shields
  1489 | D:3      | Reached XP level 7. HP: 36/45 MP: 7/7
  1649 | D:3      | Noticed Ijyb
  1652 | D:3      | Noticed Jessica
  1656 | D:3      | Paralysed by Ijyb for 2 turns
  1667 | D:3      | HP: 2/45 [Ijyb/+1 dagger of protection (4)]
  1667 | D:3      | Slain by Jessica

Illustrated notes

Levels and vault maps discovered:
D:1:      minmay_arrival_shattered_statue, layout_rooms
D:2:      layout_rooms, basic_altar, uniq_sigmund, uniq_terence, uniq_natasha
D:3:      layout_rooms, gup_sewer_entry_bowl, kennysheep_generic_room_3,
          uniq_jessica, uniq_ijyb

Skill      XL: |  1  2  3  4  5  6 |
---------------+-------------------+-----
Shields        | 1 2 |  2.1
Fighting       | 2 |  2.7
Dodging        | 3 |  3.2
Unarmed Combat | 4 |  4.7
Shapeshifting  | 4 |  4.5
Throwing       | |  0.6

Action                     |  1- 3 |  4- 6 |  7- 9 || total
---------------------------+-------+-------+-------++-------
  Melee: Unarmed           |    50 |    64 |    13 ||   127
         Constrict         |    12 |    16 |     2 ||    30
         Tentacles         |     8 |    18 |     3 ||    29
         Punch             |       |     5 |     3 ||     8
  Throw: Stone             |       |    38 |       ||    38
         Dart              |       |     5 |       ||     5
Ability: Begin Untransform |       |     1 |       ||     1
   Stab: Sleeping          |     4 |     9 |       ||    13
 Armour: Skin              |    19 |    28 |    11 ||    58
  Dodge: Dodged            |    34 |    25 |     6 ||    65
  Block: Buckler           |     6 |     9 |       ||    15
   Form: Beast             |       |     1 |       ||     1

Table legend: (Time is in decaauts)
 A = Elapsed time spent in this place.
 B = Non-inter-level travel time spent in this place.
 C = Inter-level travel time spent in this place.
 D = Time resting spent in this place.
 E = Time spent auto-exploring this place.
 F = Levels seen in this place.
 G = Mean time per level.
                   A        B        C        D        E       F      G
               +--------+--------+--------+--------+--------+-----+--------+
         Total |   1677 |   1630 |     47 |    309 |    782 |   4 |  419.2 |
       Dungeon |   1438 |   1391 |     47 |    248 |    732 |   3 |  479.3 |
         Sewer |    238 |    238 |      0 |     61 |     50 |   1 |  238.0 |
               +--------+--------+--------+--------+--------+-----+--------+

Top non-repeatable levels by time:
     D:2: 578 daAuts
     D:1: 514 daAuts
     D:3: 345 daAuts
   Sewer: 238 daAuts
